 Dungeon Crawl Stone Soup version 0.27.1-33-g824d729ab1 (webtiles) character file.

Game seed: 879506747535731340

28 pkoi the Ruffian (level 2, -1/24 HPs)
             Began as a Draconian Gladiator on Dec 15, 2021.
             Slain by a water moccasin skeleton (3 damage)
             ... on level 2 of the Dungeon.
             The game lasted 00:01:35 (871 turns).

pkoi the Ruffian (Draconian Gladiator)               Turns: 871, Time: 00:01:35

Health: -1/24      AC:  4    Str: 16    XL:     2   Next: 96%
Magic:  2/2        EV: 12    Int:  8    God:
Gold:   44         SH:  0    Dex: 12    Spells: 1/1 levels left

rFire    + . .     SeeInvis .     - Unarmed
rCold    + . .     Faith    .   (no shield)
rNeg     . . .     Spirit   .   (armour unavailable)
rPois    +         Reflect  .   a - +0 hat
rElec    +         Harm     .   (no cloak)
rCorr    +         Rampage  .   (no gloves)
Will     .....                  (no boots)
Stlth    +.........             (no amulet)
HPRegen  0.08/turn              (no ring)
MPRegen  0.08/turn              (no ring)

@: resistant
A: AC +4, unfitting armour, cold-blooded
a: no special abilities


You were on level 2 of the Dungeon.
You visited 1 branch of the dungeon, and saw 2 of its levels.

You collected 44 gold pieces.

Inventory:

Hand Weapons
 i - a +2 dagger of venom
Missiles
 b - 3 throwing nets (quivered)
Armour
 a - a +0 hat (worn)
Scrolls
 c - a scroll of summoning {unknown}
 e - 5 scrolls of identify {unknown}
 f - a scroll of noise {unknown}
 g - a scroll of immolation {unknown}
Potions
 d - a potion of magic {unknown}


   Skills:
 - Level 2.1 Fighting
 - Level 1.7 Throwing
 - Level 2.6 Dodging
 + Level 4.2 Unarmed Combat


You had one spell level left.
You didn't know any spells.
Your spell library was empty.

Dungeon Overview and Level Annotations

Branches:
Dungeon (2/15)

Altars:


Innate Abilities, Weirdness & Mutations

Your plain brown scales are hard. (AC +4)
You cannot fit into any form of body armour.
You are cold-blooded and may be slowed by cold attacks.


Message History

You feel sick.
You feel sick.
Things that are here:
a +2 dagger of venom; a goblin corpse You feel sick.
You feel sick.
Things that are here:
a +2 dagger of venom; a goblin corpse
i - a +2 dagger of venom You feel sick.
You are no longer poisoned.
Your +2 dagger of venom begins to drip with poison!
i - a +2 dagger of venom (weapon)
You start resting.
A water moccasin skeleton comes into view.
A water moccasin skeleton is nearby!
You see here a goblin corpse.
You hit the water moccasin skeleton.
You tail-slap the water moccasin skeleton.
The water moccasin skeleton is lightly damaged.
The water moccasin skeleton bites you!
* * * LOW HITPOINT WARNING * * *
You hit the water moccasin skeleton.
The water moccasin skeleton is moderately damaged.
The water moccasin skeleton misses you.
You barely miss the water moccasin skeleton.
You tail-slap the water moccasin skeleton.
You punch the water moccasin skeleton.
The water moccasin skeleton is moderately damaged.
The water moccasin skeleton bites you.
* * * LOW HITPOINT WARNING * * *
The water moccasin skeleton bites you.
* * * LOW HITPOINT WARNING * * *
Okay, then.
Your +2 dagger of venom stops dripping with poison.
You are now empty-handed.
It was a potion of resistance.
You feel protected. The water moccasin skeleton bites you.
You die...

#.#..)......## ......
.#####.#..<......# ......
.................#####+##......
######.#.........#.............
#.#.........#.............
#.#.####### #.............
#.#.# #.............
#.#.#########....†........
#.#.#......@Z.............
#...............#.#.......
############.##.#.#.......
......#.#.###### ###.##.#.#.#
#.####.#.# ..# #.#.# ###


You could see a water moccasin skeleton.

Vanquished Creatures
  A worm (D:2)
  3 endoplasms (D:1)
  3 goblins
  3 hobgoblins (D:1)
  2 kobolds (D:1)
  A quokka (D:1)
  2 bats (D:1)
  3 frilled lizards
  6 rats
24 creatures vanquished.

Notes
Turn   | Place    | Note
-------+----------+-------------------------------------------
     0 | D:1      | pkoi the Draconian Gladiator began the quest for the Orb.
     0 | D:1      | Reached XP level 1. HP: 17/17 MP: 1/1
   230 | D:1      | Reached XP level 2. HP: 23/24 MP: 2/2
   556 | D:1      | Reached skill level 4 in Unarmed Combat
   871 | D:2      | Slain by a water moccasin skeleton

Illustrated notes

Levels and vault maps discovered:
D:1:      minmay_arrival_wavy_path, layout_rooms
D:2:      layout_basic, basic_altar

Skill      XL: |  1  2 |
---------------+-------+-----
Unarmed Combat | 4 |  4.2
Fighting       | |  2.1
Throwing       | |  1.7
Dodging        | |  2.6

Action                   || total
-------------------------++-------
Melee: Unarmed           ||    66
       Tailslap          ||     9
       Dagger            ||     3
       Punch             ||     2
  Use: Potion            ||     1
 Stab: Sleeping          ||     1
Armor: Skin              ||    28
Dodge: Dodged            ||    48
